 Dungeon Crawl Stone Soup version 0.21.1-1-g345015fe64 (webtiles) character file.

105 Ethylacetat the Skirmisher (level 4, 0/37 HPs)
             Began as a Demonspawn Chaos Knight on June 5, 2018.
             Killed by divine providence
             ... invoked by an orc priest
              (10 damage)
             ... on level 3 of the Dungeon.
             The game lasted 00:09:13 (1502 turns).

Ethylacetat the Skirmisher (DsCK)                   Turns: 1502, Time: 00:09:13

Health: 0/37       AC:  4    Str: 13    XL:     4   Next: 54%
Magic:  4/4        EV: 11    Int: 14    God:    Xom [.*....]
Gold:   100        SH:  3    Dex: 12    Spells: 3/3 levels left

rFire    + . .     SeeInvis .   a - +0 hand axe (chaos)
rCold    . . .     Gourm    .   (no shield)
rNeg     . . .     Faith    .   p - +0 leather armour (curse)
rPois    .         Spirit   .   n - +0 helmet
rElec    .         Reflect  +   (no cloak)
rCorr    .         Harm     .   (no gloves)
MR       .....                  (no boots)
Stlth    +.........             h - +3 amulet of reflection
HPRegen  0.12/turn              k - ring of protection from fire
MPRegen  0.09/turn              (no ring)

@: no status effects
A: spiny 1
a: Renounce Religion


You were on level 3 of the Dungeon.
You worshipped Xom.
You were a plaything of Xom.
You were not hungry.

You visited 1 branch of the dungeon, and saw 3 of its levels.

You collected 100 gold pieces.

Inventory:

Hand Weapons
 a - a +0 hand axe of chaos (weapon)
Armour
 b - a +2 leather armour
 n - a +0 helmet (worn)
 p - a cursed +0 leather armour (worn)
Jewellery
 h - a +3 amulet of reflection (around neck)
 k - a ring of protection from fire (left hand)
Scrolls
 d - a scroll of enchant armour {unknown}
 e - 3 scrolls of teleportation {unknown}
 g - 2 scrolls of identify {unknown}
 m - a scroll of remove curse {unknown}
Potions
 f - a potion of mutation {unknown}
 i - a potion of ambrosia {unknown}
 j - a potion of curing {unknown}
 l - a potion of heal wounds {unknown}
 o - 2 potions of flight {unknown}
Comestibles
 c - 5 rations


   Skills:
 + Level 4.1 Fighting
 * Level 4.0 Axes
 - Level 1.8 Armour
 - Level 0.8 Dodging


You had 3 spell levels left.
You didn't know any spells.

Dungeon Overview and Level Annotations

Branches:
Dungeon (3/15)

Altars:


Innate Abilities, Weirdness & Mutations

You are partially covered in sharp spines.


Message History

The orc priest hits you with a mace.
You continue putting on your runed leather armour.
The orc barely misses you.
You continue putting on your runed leather armour.
The orc priest looks satisfied for a moment.
The orc hits you with a short sword.
* * * LOW HITPOINT WARNING * * *
You finish putting on your cursed +0 leather armour.
Oops, that feels deathly cold.
You slash the orc priest!
The orc priest momentarily stiffens.
The orc priest is severely wounded.
You closely miss the orc.
The orc priest looks encouraged for a moment.
The orc is struck by your spines. The orc barely misses you.
You barely miss the orc priest.
The orc priest is severely wounded.
You barely miss the orc.
The orc priest mumbles some strange prayers to Beogh against you.
Beogh smites you!
You die...

#<# #.###. ># #.# #.#...## .#
#.# #......##.# #.#
##.........# #.# #.........#
#.# #.........# ######.#
#....<....# #......#
#boo...######## #.######
#.@........)..# #.#
########.##########.# #.#
##........##########.#
#.###...####....<........#####
#.##.#........##.####.........
#.###...########.# #..#######
#................# #..#
#####...#######..# #..#
##....# #..# #..#


You could see an orc priest, an orc and a bat.

Vanquished Creatures
  Robin (D:2)
  3 adders
  2 oozes (D:1)
  2 worms (D:2)
  2 orcs (D:3)
  5 bats
  A giant cockroach (D:1)
  5 hobgoblins
  8 kobolds
  3 frilled lizards
  13 goblins
  4 rats
49 creatures vanquished.

Notes
Turn   | Place    | Note
-------+----------+-------------------------------------------
     0 | D:1      | Ethylacetat the Demonspawn Chaos Knight began the quest for the Orb.
     0 | D:1      | Reached XP level 1. HP: 18/18 MP: 1/1
    88 | D:1      | Gained mutation: You are partially covered in sharp spines. [demonic ancestry]
    88 | D:1      | Reached XP level 2. HP: 24/24 MP: 2/2
   156 | D:1      | XOM: silly message
   252 | D:1      | XOM: cloud trail
   274 | D:1      | XOM: harmless Chrm miscast
   618 | D:2      | Reached XP level 3. HP: 29/29 MP: 3/3
   697 | D:2      | XOM: 4-stop teleportation journey
   780 | D:2      | XOM: harmless Pois miscast
   982 | D:2      | Noticed Robin
   985 | D:2      | XOM: enchant monster (good)
  1001 | D:2      | Killed Robin
  1001 | D:2      | Reached XP level 4. HP: 34/37 MP: 4/4
  1502 | D:3      | Killed from afar by an orc priest

Skill      XL: |  1  2  3  4 |
---------------+-------------+-----
Axes           | 3 4 |  4.0
Fighting       | 4 |  4.1
Armour         | |  1.8
Dodging        | |  0.8

Action                   |  1- 3 |  4- 6 || total
-------------------------+-------+-------++-------
Melee: Hand axe          |    62 |    28 ||    90
  Eat: Chunk             |       |     2 ||     2
Armor: Leather armour    |    14 |     3 ||    17
Dodge: Dodged            |    31 |    19 ||    50
Block: Other             |     2 |     3 ||     5
